 Dungeon Crawl Stone Soup version 0.31.0-10-gcf4a605ca0 (webtiles) character file.

Game seed: 9921712046916424270

289144 Monkooky the Scorcher (level 19, -3/116 HPs)
             Began as a Tengu Shapeshifter on Jan 24, 2024.
             Was the Champion of Vehumet.
             Killed from afar by an acid blob (34 damage)
             ... with a splash of acid
             ... on level 5 of the Pits of Slime on Jan 26, 2024.
             The game lasted 02:46:02 (19296 turns).

Monkooky the Scorcher (Tengu Shapeshifter)         Turns: 19296, Time: 02:46:02

Health: -3/116     AC: 21    Str: 17    XL:     19   Next: 59%
Magic:  27/39      EV: 38    Int: 36    God:    Vehumet [******]
Gold:   1124       SH:  6    Dex: 15    Spells: 8/48 levels left

rFire   + . .        S - staff of air
rCold   . . .        E - +1 buckler {AC+3}
rNeg    . . .        D - +5 ring mail "Forget-Me-Not" {^Contam Regen+ Int+8 Slay-5}
rPois   .            W - +0 hat "Meel Rag" {Int+7}
rElec   +            F - +2 cloak {Stlth+}
rCorr   .            j - +2 pair of gloves
SInv    +            (boots unavailable)
Will    +....        Y - amulet of magic regeneration
Stlth   ++           L - +6 ring of intelligence
HPRegen 1.19/turn    O - ring "Ugur" {rF+ EV+5 SInv}
MPRegen 0.66/turn

%: acrobat
@: acrobatic, flying
A: beak, talons 3, evasive flight, acrobatic, inability to read after injury 1
}: 2/15 runes: serpentine, barnacled
a: Renounce Religion


You were on level 5 of the Pits of Slime.
You worshipped Vehumet.
Vehumet was exalted by your worship.
You visited 7 branches of the dungeon, and saw 36 of its levels.
You also visited: Trove, Sewer, Bailey and Ice Cave.

You collected 3397 gold pieces.
You spent 2273 gold pieces at shops.

Inventory:

Missiles
 l - 7 throwing nets
 o - 8 curare-tipped darts
Armour
 j - a +2 pair of gloves (worn)
 D - the +5 ring mail "Forget-Me-Not" (worn) {^Contam Regen+ Int+8 Slay-5}
   (You bought it in a shop on level 3 of the Dungeon)

   Int+8:     It affects your intelligence (+8).
   Slay-5:    It affects your accuracy & damage with ranged weapons and melee
   (-5).
   ^Contam:   It causes magical contamination when unequipped.
   Regen+:    It increases your rate of health regeneration.
 E - a +1 buckler of protection (worn)
 F - a +2 cloak of stealth (worn)
 W - the +0 hat "Meel Rag" (worn) {Int+7}
   (You acquired it on level 3 of the Shoals)

   Int+7:     It affects your intelligence (+7).
Magical Staves
 i - the staff of Ragnarok {rC+ rN+++ Ice}
   (You found it on level 4 of the Shoals)

   [staff of cold]

   Base accuracy: +5 Base damage: 5 Base attack delay: 1.2 This weapon's minimum
   attack delay (0.6) is reached at skill level 12.
   rC+:       It protects you from cold.
   rN+++:     It renders you almost immune to negative energy.
   Ice:       It increases the power of your Ice spells.
   It falls into the 'Staves' category.
   It is a one-handed weapon.
 S - a staff of air (weapon)
Jewellery
 a - a +4 ring of protection
 f - the ring of Oxaivaib {rElec rF+ rCorr Slay-6}
   (You acquired it on level 13 of the Dungeon)

   [ring of resist corrosion]

   Slay-6:    It affects your accuracy & damage with ranged weapons and melee
   (-6).
   rF+:       It protects you from fire.
   rElec:     It insulates you from electricity.
   rCorr:     It protects you from acid and corrosion.
 s - the ring "Kirgh" {Ice Int+4}
   (You found it in an ice cave)

   [ring of ice]

   Ice:       It enhances your ice magic.
   Int+4:     It affects your intelligence (+4).
   rF-:       It makes you vulnerable to fire.
   rC+:       It protects you from cold.
 u - the ring of Accord {rPois rC- rN+++ MP+9 Dex+2}
   (You found it in a treasure trove)

   [ring of poison resistance]

   Dex+2:     It affects your dexterity (+2).
   rC-:       It makes you vulnerable to cold.
   rPois:     It protects you from poison rN+++: It renders you almost immune to
   negative energy.
   MP+9:      It affects your magic capacity (+9).
 x - a ring of poison resistance
 L - a +6 ring of intelligence (left hand)
 O - the ring "Ugur" (right hand) {rF+ EV+5 SInv}
   (You found it in a treasure trove)

   [ring of evasion]

   EV+5:      It affects your evasion (+5).
   rF+:       It protects you from fire.
   SInv:      It lets you see invisible.
 U - a ring of protection from cold
 Y - an amulet of magic regeneration (around neck)
 Z - the amulet of Nijiodgh {Reflect rF- Will++ Int+9 SH+5 SInv}
   (You found it in a treasure trove)

   [amulet of reflection]

   Reflect:   It reflects blocked missile attacks.
   Int+9:     It affects your intelligence (+9).
   rF-:       It makes you vulnerable to fire.
   Will++:    It greatly increases your willpower.
   SInv:      It lets you see invisible.
   SH+5:      It affects your SH (+5).
Wands
 d - a wand of digging (4)
 p - a wand of mindburst (18)
 t - a wand of roots (5)
 w - a wand of polymorph (11)
 y - a wand of acid (2)
 N - a wand of paralysis (18)
Scrolls
 b - a scroll of revelation
 e - a scroll of blinking
 g - 12 scrolls of teleportation
 h - 5 scrolls of immolation
 A - 4 scrolls of fear
 C - 4 scrolls of vulnerability
 J - 3 scrolls of amnesia
 M - a scroll of fog
 P - 2 scrolls of torment
 R - 3 scrolls of poison
 T - a scroll of enchant armour
 X - a scroll of silence
Potions
 c - 2 potions of resistance {unknown}
 k - 2 potions of might
 m - 4 potions of curing
 n - 6 potions of enlightenment
 q - 2 potions of attraction
 r - 7 potions of haste
 v - a potion of magic
 z - 6 potions of brilliance {unknown}
 B - 2 potions of berserk rage {unknown}
 G - 4 potions of ambrosia
 H - 3 potions of degeneration {unknown}
 K - 2 potions of mutation {unknown}
 Q - 2 potions of cancellation
 V - 2 potions of heal wounds
Miscellaneous
 I - a phantom mirror


   Skills:
 + Level 11.7 Fighting
 - Level 7.0 Armour
 - Level 8.1 Dodging
 - Level 2.7 Shields
 - Level 6.1 Unarmed Combat
 - Level 15.3 Spellcasting
 - Level 15.5 Conjurations
 - Level 12.5 Summonings
 - Level 18.4 Fire Magic
 - Level 18.0 Air Magic
 - Level 1.4 Alchemy
 - Level 2.6 Shapeshifting


You had 8 spell levels left.
You knew the following spells:

 Your Spells              Type           Power      Damage    Failure   Level
a - Flame Wave            Conj/Fire      99%        2d21      1%          4
d - Ignition              Fire           51%        3d14      3%          8
e - Static Discharge      Conj/Air       100%       3-8/arc   0%          2
f - Arcjolt               Conj/Air       61%        1d71      1%          5
g - Plasma Beam           Fire/Air       63%        2x1d79    1%          6
h - Maxwell's Capacitive  Air            62%        ∞         3%          8
i - Spellforged Servitor  Conj/Summ      45%        N/A       2%          7

Your spell library contained the following spells:

 Spells                   Type           Power      Damage    Failure   Level
 Ozocubu's Refrigeration  Ice            13%        4d10      99%         7
 Foxfire                  Conj/Fire      100%       2x1d9     0%          1
 Magic Dart               Conj           100%       1d8       0%          1
 Shock                    Conj/Air       100%       1d9       0%          1
 Scorch                   Fire           100%       2d9       0%          2
 Swiftness                Air            100%       N/A       0%          3
 Airstrike                Air            62%        2d(9-25)  0%          4
 Kiss of Death            Conj/Necr      100%       2d13      1%          1
 Call Imp                 Summ           100%       N/A       1%          2
 Cigotuvi's Dreadful Rot  Necr/Alch/Air  100%       N/A       1%          2
 Dazzling Flash           Conj/Hex       100%       N/A       1%          3
 Inner Flame              Hex/Fire       76%        N/A       1%          3
 Stone Arrow              Conj/Erth      100%       3d13      1%          3
 Volatile Blastmotes      Fire/Tloc      100%       2d18      1%          3
 Fulminant Prism          Conj/Alch      36%        3d17      1%          4
 Ignite Poison            Fire/Alch      78%        N/A       1%          4
 Iskenderun's Mystic Bla  Conj/Tloc      70%        2d14      1%          4
 Sticky Flame             Fire/Alch      78%        2d12      1%          4
 Freezing Cloud           Conj/Ice/Air   52%        6-21      1%          5
 Irradiate                Conj/Alch      36%        3d23      1%          5
 Starburst                Conj/Fire      49%        6d14      1%          6
 Frozen Ramparts          Ice            54%        1d9       2%          3
 Animate Armour           Summ/Erth      100%       N/A       2%          4
 Martyr's Knell           Necr/Summ      64%        N/A       2%          4
 Summon Cactus Giant      Summ           43%        N/A       2%          6
 Blink                    Tloc           54%        N/A       4%          2
 Sublimation of Blood     Necr           27%        N/A       4%          2
 Confusing Touch          Hex            27%        N/A       9%          3
 Ozocubu's Armour         Ice            27%        N/A       9%          3
 Tukima's Dance           Hex            27%        N/A       9%          3
 Monstrous Menagerie      Summ           43%        N/A       14%         7
 Leda's Liquefaction      Alch/Erth      16%        N/A       22%         4
 Petrify                  Alch/Erth      32%        N/A       22%         4
 Anguish                  Hex/Necr       13%        N/A       30%         4
 Animate Dead             Necr           27%        N/A       30%         4
 Cause Fear               Hex            13%        N/A       30%         4
 Dimensional Bullseye     Hex/Tloc       13%        N/A       30%         4
 Dispel Undead            Necr           27%        3d13      30%         4
 Borgnjor's Vile Clutch   Necr/Erth      13%        N/A       63%         5
 Metabolic Englaciation   Hex/Ice        13%        N/A       63%         5
 Lehudib's Crystal Spear  Conj/Erth      35%        10d9      86%         8
 Sculpt Simulacrum        Ice/Alch       16%        N/A       98%         6
 Death Channel            Necr           13%        N/A       99%         6
 Enfeeble                 Hex            13%        N/A       100%        7
 Infestation              Necr           13%        N/A       100%        8


Dungeon Overview and Level Annotations

Branches:
Dungeon (15/15)            Temple (1/1) D:4            Lair (5/5) D:8
 Shoals (4/4) Lair:2        Snake (4/4) Lair:2        Slime (5/5) Lair:5
    Orc (2/2) D:12            Elf (0/3) Orc:2        Depths (0/4) D:15
  Sewer (visited)          Bailey (visited)           IceCv (visited)
 Vaults: D:13-14

Altars:
Ashenzari
Dithmenos
Elyvilon
Gozag
Hepliaklqana
Makhleb
Nemelex Xobeh
Okawaru
Qazlal
Ru
Sif Muna
Trog
Uskayaw
Vehumet
Wu Jian
Xom
Yredelemnul
The Shining One
Lugonu

Shops:
D:3 [   D:9 (   Orc:2 **=(   Snake:1 [

Portals:
Abyss: Lair:5
Pandemonium: Orc:2

Annotations:
D:6 Jeremiah
D:15 1 exclusion, Roxanne
Lair:1 exclusion: oklob plant
Lair:4 exclusion: downstairs


Innate Abilities, Weirdness & Mutations

You have a beak for a mouth.
You have claws for feet.
Your magical flight helps you evade attacks. (EV +4)
You can magically evade attacks while moving or waiting.
You occasionally lose the ability to read scrolls when taking damage.


Message History

Blink to where?
Press: ? - help, Dir - move target
Okay, then.
Okay, then.
Blink to where?
Press: ? - help, Dir - move target Acid dripping from the walls corrodes you.
As you read the scroll of blinking, it crumbles to dust.
The shining eye gazes at you.
Strange energies course through your body.
You occasionally lose the ability to read scrolls when taking damage.
As you read the scroll of fog, it dissolves into smoke.
As you read the scroll of teleportation, it crumbles to dust.
You feel strangely unstable.
You feel much better.
Okay, then.
Casting: Plasma Beam (mildly dangerous; 1% risk of failure)
Press: ? - help, Q - select action, (/) - cycle Dir - look around, f - activate You feel a surge of power!
The bolt of lightning hits the quicksilver ooze!!!
You kill the quicksilver ooze!
That felt strangely unrewarding.
Your surroundings suddenly seem different.
A slime creature, an acid blob and a rockslime come into view.
Found nineteen items.
The acid blob quivers.
The acid blob spits acid at you. The splash of acid hits you!
* * * LOW HITPOINT WARNING * * *
The slime creature quivers.
The rockslime quivers.
As you read the scroll of fog, it dissolves into smoke.
Found 18 gold pieces.
You see here 53 gold pieces.
Press: ? - help, v - describe, . - travel, g - get item Item here: a manual of Unarmed Combat.
The floor.
Found 43 gold pieces and 5 stones.
The acid blob spits acid at you. The splash of acid hits you!!
You die...

.....**,,,**,,*,,,*,,**,,,**,,,,,
....,,*,,,*,*,#$,$#,*,*,,,*,,,,,,
,,,,,,*****,.##.*.#*,.#****,,,,,,
,,,,,,*,,.#,,...#.....#.,,*,,,,,,
,,,,,,,*,...,,..........,*,.,,,,,
,,,,,,,,*....,*...#.....#,..,,,,,
,,,,,*****##..##.##..##.#.#*,,,,,
,,,,*,*,,,#....?/$.§§§#$|?*,*,,,,
,,,*,,*,,,...##)@/##§§§[,,*,,*,,,
,,,,*,*,,,#....♦:$§§§§#,,,*,*,,,,
,,,,,*****##..##§##J§#******,,,,,
,,,,,,,,*....,#.§§#§§§§.#,,,,,,,,
,,,,,,,*,...,...,.§§§§§.J...,,,,,
,,,,,,*,,.#,....#.....#...#.,,,,,
,,,,,,****#..##.#.##..##J##,,,,,,
,,,,,,*,,,...,#()/*....,[?.,,,,,,
,,,,,**,,,##,,*=$,*.J##,,!##,,,,,


You could see an acid blob.

Vanquished Creatures
  the Royal Jelly (Slime:5)
  A sphinx (Shoals:4)
  Polyphemus (Shoals:3)
  Ilsuiw (Shoals:3)
  6 rockslimes
  7 nagarajas
  A fire giant (D:15)
  A frost giant (D:13)
  2 quicksilver oozes (Slime:5)
  A minotaur (Shoals:4)
  The ghost of Neisk the Black Belt, a journeyman OpFi of Ashenzari (D:14)
  2 ettins (D:13)
  4 merfolk impalers
  Josephine (D:11)
  Harold (D:10)
  A vault guard (D:14)
  A salamander tyrant (Snake:1)
  7 hydras
  5 boulder beetles
  2 demonspawn (Orc:2)
  3 catoblepae
  6 anacondas
  2 alligator snapping turtles (Shoals:2)
  10 centaur warriors
  7 two-headed ogres
  A merfolk aquamancer (Shoals:3)
  4 merfolk avatars
  8 naga warriors
  11 satyrs
  A death yak (Shoals:3)
  3 tengu warriors (D:15)
  Urug (D:13)
  2 shock serpents (Snake:1)
  3 thrashing horrors (Lair:5)
  12 naga sharpshooters
  5 orc high priests (Orc:2)
  3 salamander mystics
  3 skeletal warriors (D:15)
  A skyshark (Shoals:3)
  A fire crab (Lair:3)
  2 large abominations (Lair:5)
  12 sea snakes
  An orb spider (shapeshifter) (D:14)
  11 mana vipers
  An arcanist (D:14)
  A naga ritualist (Snake:3)
  7 deep elf pyromancers
  8 harpies
  A lindwurm (Lair:4)
  A glowing orange brain (Slime:4)
  4 orc knights
  6 cyclopes
  6 orc sorcerers (Orc:2)
  Maurice (D:7)
  13 fauns
  7 ugly things
  A shining eye (Slime:4)
  6 meliai (D:14)
  7 manticores
  6 salamanders
  A black mamba (shapeshifter) (Lair:5)
  8 naga magi
  3 merfolk sirens
  4 guardian serpents
  An eye of devastation (Slime:5)
  A kobold blastminer (Orc:2)
  2 water nymphs
  25 black mambas
  3 gargoyles
  8 rime drakes
  An efreet (D:15)
  11 cane toads
  An ice devil (Orc:2)
  3 komodo dragons
  2 tengu conjurers (D:13)
  5 trolls
  26 merfolk
  A harpy zombie (Shoals:2)
  A queen bee (Lair:1)
  3 polar bears
  A hellwing (Orc:2)
  3 hornets
  6 wind drakes
  16 dream sheep
  A raiju (Lair:5)
  8 snapping turtles
  24 blink frogs
  A blink frog (shapeshifter) (D:15)
  34 slime creatures
  9 water elementals
  A centaur simulacrum (D:13)
  A spriggan (Lair:5)
  A shadow (D:15)
  A vampire (D:15)
  40 yaks
  6 ynoxinuls
  7 basilisks
  3 wargs
  7 wraiths
  A human (shapeshifter) (Lair:5)
  5 wyverns
  A steam dragon (D:10)
  2 vampire mosquitoes (D:10)
  A chaos spawn (Lair:5)
  9 small abominations (Lair:5)
  2 acid dragons (D:12)
  20 nagas
  30 orc warriors
  18 water moccasins
  A sky beast (shapeshifter) (D:14)
  Pargi (Sewer)
  2 black bears
  2 hornet zombies (D:15)
  2 sky beasts
  8 wolves
  4 ogres
  A phantom (D:5)
  27 centaurs
  3 kobold brigands
  A brain worm (Sewer)
  10 bullfrogs
  3 gnoll sergeants
  2 scorpions
  3 wights (D:6)
  6 lindwurm simulacra (IceCv)
  24 killer bees
  An elephant simulacrum (Lair:1)
  2 howler monkeys (D:8)
  7 electric eels
  7 komodo dragon simulacra (IceCv)
  2 jellies
  22 orc priests
  3 hounds (D:5)
  A boggart zombie (D:15)
  An iguana (D:5)
  13 orc wizards
  Natasha (D:1)
  A polar bear simulacrum (Lair:1)
  A statue (D:3)
  4 acid dragon simulacra (IceCv)
  11 adders
  19 gnolls
  2 river rats (D:6)
  2 white imps (D:5)
  4 steam dragon simulacra (IceCv)
  2 ufetubi (D:7)
  3 dart slugs
  4 ribbon worms
  59 orcs
  11 bats
  5 endoplasms
  A giant cockroach (D:1)
  9 hobgoblins
  2 jackals (D:4)
  6 ball pythons
  2 frilled lizards (D:1)
  9 goblins
  25 kobolds
  7 rats
954 creatures vanquished.

Vanquished Creatures (collateral kills)
  A sphinx (Shoals:4)
  An azure jelly (Slime:4)
  2 nagarajas (Snake:4)
  3 quicksilver oozes
  A formless jellyfish (Slime:4)
  A minotaur (Shoals:4)
  2 merfolk impalers
  2 anacondas
  6 naga warriors
  4 satyrs
  A death yak (Shoals:3)
  6 naga sharpshooters
  2 salamander mystics (Snake:1)
  3 sea snakes (Snake:4)
  A mana viper (Snake:4)
  4 naga ritualists
  5 harpies
  9 salamanders
  17 fauns
  2 manticores (Shoals:4)
  3 merfolk sirens
  5 naga magi
  2 water nymphs
  2 guardian serpents
  7 black mambas
  A cane toad (Lair:5)
  9 merfolk
  A wind drake (Shoals:4)
  3 harpy zombies (Shoals:2)
  5 slime creatures
  A blink frog (Lair:5)
  A ynoxinul (Lair:5)
  13 nagas
  A bat zombie (Shoals:2)
127 creatures vanquished.

Vanquished Creatures (others)
  A dream sheep (Lair:5)
  5 fulminant prisms
6 creatures vanquished.

Grand Total: 1087 creatures vanquished

Notes
Turn   | Place    | Note
-------+----------+-------------------------------------------
     0 | D:1      | Monkooky the Tengu Shapeshifter began the quest for the
                  | Orb.
     0 | D:1      | Reached XP level 1. HP: 12/12 MP: 2/2
    99 | D:1      | Reached XP level 2. HP: 16/16 MP: 3/3
   212 | D:1      | Reached XP level 3. HP: 15/20 MP: 4/4
   426 | D:2      | Reached skill level 5 in Unarmed Combat
   432 | D:2      | Noticed Natasha
   489 | D:1      | Killed Natasha
   490 | D:1      | Reached XP level 4. HP: 16/25 MP: 5/5
   880 | D:3      | Found a radiant altar of Vehumet.
   880 | D:3      | Noticed a charred statue
   981 | D:3      | Found Koahem's Armour Boutique.
  1019 | D:3      | Found a shadowy altar of Dithmenos.
  1062 | D:3      | Became a worshipper of Vehumet
  1066 | D:3      | Killed a charred statue
  1067 | D:3      | Reached XP level 5. HP: 21/29 MP: 6/6
  1526 | D:4      | Found a staircase to the Ecumenical Temple.
  1536 | Temple   | Entered the Ecumenical Temple
  1646 | D:4      | Found an ornate altar of the Wu Jian Council.
  1916 | D:4      | Reached skill level 1 in Armour
  2165 | D:4      | Found a bloodstained altar of Trog.
  2716 | D:5      | Entered Level 5 of the Dungeon
  2716 | D:5      | Noticed a phantom
  2735 | D:5      | Killed a phantom
  2736 | D:5      | Reached XP level 6. HP: 27/36 MP: 7/7
  3014 | D:4      | Learned a level 4 spell: Flame Wave
  3029 | D:5      | Reached * piety under Vehumet
  3029 | D:5      | Offered knowledge of Shock by Vehumet.
  3031 | D:5      | Gained mutation: Your magical flight helps you evade
                  | attacks. (EV +4) [Tengu growth]
  3031 | D:5      | Reached XP level 7. HP: 32/43 MP: 8/8
  3033 | D:5      | Learned a level 1 spell: Shock
  3066 | D:5      | Reached skill level 1 in Conjurations
  3066 | D:5      | Reached skill level 1 in Air Magic
  3084 | D:5      | Found a basalt altar of Yredelemnul.
  3088 | D:5      | Found a stormy altar of Qazlal.
  3099 | D:5      | Reached skill level 1 in Spellcasting
  3415 | D:6      | Found a glowing drain.
  3443 | Sewer    | Entered a sewer
  3474 | Sewer    | Noticed Pargi
  3491 | Sewer    | Killed Pargi
  3492 | Sewer    | Reached skill level 5 in Conjurations
  3492 | Sewer    | Reached XP level 8. HP: 34/48 MP: 10/12
  3609 | D:6      | Found a sacrificial altar of Ru.
  3657 | D:6      | Noticed Jeremiah
  3803 | D:5      | Learned a level 4 spell: Fulminant Prism
  3898 | D:7      | Found a broken altar of Ashenzari.
  4036 | D:7      | Reached ** piety under Vehumet
  4036 | D:7      | Offered knowledge of Kiss of Death by Vehumet.
  4088 | D:7      | Reached XP level 9. HP: 27/52 MP: 16/16
  4128 | D:7      | Found a flagged portal.
  4132 | Bailey   | Entered a bailey
  4291 | Bailey   | Reached skill level 1 in Fire Magic
  4291 | Bailey   | Reached skill level 1 in Alchemy
  4453 | Bailey   | Identified the +0 chain mail of Foolhardiness {rElec rC+
                  | rN+}
  4583 | Bailey   | Identified the +7 plate armour "Tein" {rC+}
  4927 | D:3      | Bought the +5 ring mail "Forget-Me-Not" {^Contam Regen+
                  | Int+8 Slay-5} for 348 gold pieces
  4927 | D:3      | Bought a +1 buckler of protection for 198 gold pieces
  5166 | D:7      | Noticed a hornet
  5172 | D:7      | Killed a hornet
  5174 | D:7      | Noticed Maurice
  5185 | D:7      | Maurice stole a blade talisman
  5189 | D:7      | Killed Maurice
  5260 | D:7      | Learned a level 6 spell: Starburst
  5276 | D:7      | Found a shimmering blue altar of Sif Muna.
  5323 | D:7      | Offered knowledge of Static Discharge by Vehumet.
  5328 | D:7      | Learned a level 2 spell: Static Discharge
  5416 | D:6      | Noticed a troll
  5422 | D:6      | Killed a troll
  5536 | D:8      | Reached XP level 10. HP: 56/56 MP: 8/17
  5536 | D:8      | Upgraded the game from 0.31.0-9-g3a7656b989 to
                  | 0.31.0-10-gcf4a605ca0
  5588 | D:8      | Found a staircase to the Lair.
  5614 | D:8      | Reached *** piety under Vehumet
  5712 | D:8      | Reached skill level 10 in Conjurations
  5775 | Lair:1   | Entered Level 1 of the Lair of Beasts
  5798 | Lair:1   | Found a frozen archway.
  5804 | Lair:1   | Offered knowledge of Stone Arrow by Vehumet.
  5876 | IceCv    | Entered an ice cave
  5954 | IceCv    | Reached skill level 5 in Spellcasting
  6059 | IceCv    | Noticed an ice statue
  6383 | IceCv    | Noticed an ice statue
  6489 | IceCv    | Reached **** piety under Vehumet
  6603 | IceCv    | Noticed a white draconian
  6615 | IceCv    | Offered knowledge of Arcjolt by Vehumet.
  6663 | IceCv    | Identified the ring "Kirgh" {Ice Int+4}
  6859 | Lair:1   | Noticed a cane toad
  6863 | Lair:1   | Killed a cane toad
  6889 | Lair:1   | Reached XP level 11. HP: 49/61 MP: 1/21
  6961 | Lair:1   | Learned a level 5 spell: Arcjolt
  7107 | Lair:1   | Reached skill level 5 in Air Magic
  7119 | Lair:1   | Noticed an oklob plant
  7151 | Lair:1   | Identified the +8 short sword "Osareir Visk" {pain, Dex+3}
  7288 | Lair:2   | Reached ***** piety under Vehumet
  7322 | Lair:2   | Offered knowledge of Orb of Destruction by Vehumet.
  7323 | Lair:2   | Reached skill level 10 in Air Magic
  7324 | Lair:2   | Noticed a catoblepas
  7337 | Lair:2   | Killed a catoblepas
  7446 | Lair:2   | Found a staircase to the Shoals.
  7473 | Lair:2   | Noticed a manticore
  7490 | Lair:2   | Killed a manticore
  7491 | Lair:2   | Reached XP level 12. HP: 49/66 MP: 5/23
  7619 | Lair:3   | Found a basalt altar of Yredelemnul.
  7629 | Lair:3   | Reached skill level 5 in Dodging
  7738 | Lair:3   | Noticed a six-headed hydra
  7747 | Lair:3   | Killed a six-headed hydra
  8201 | Lair:4   | Noticed a five-headed hydra
  8209 | Lair:4   | Killed a five-headed hydra
  8218 | Lair:3   | Noticed a five-headed hydra
  8250 | Lair:4   | Noticed a four-headed hydra
  8253 | Lair:4   | Reached skill level 10 in Spellcasting
  8253 | Lair:4   | Reached XP level 13. HP: 55/70 MP: 9/28
  8355 | Lair:5   | Entered Level 5 of the Lair of Beasts
  8368 | Lair:5   | HP: 2/70 [catoblepas (12)]
  8405 | Lair:5   | Found a staircase to the Slime Pits.
  8434 | Lair:5   | Offered knowledge of Bombard by Vehumet.
  8837 | Lair:5   | Reached XP level 14. HP: 76/76 MP: 13/32
  8844 | Lair:5   | Learned a level 6 spell: Plasma Beam
  8855 | Lair:5   | Found a corrupted altar of Lugonu.
  8857 | Lair:5   | Found a one-way gate to the infinite horrors of the Abyss.
  8865 | Lair:5   | Got an earthy gem with 1582 turns to spare
  9109 | D:9      | Found Quent's Weapon Shop.
  9121 | D:9      | Reached skill level 10 in Fire Magic
  9135 | D:9      | Offered knowledge of Conjure Ball Lightning by Vehumet.
  9205 | D:10     | Entered Level 10 of the Dungeon
  9229 | D:10     | Found an opulent altar of Gozag.
  9401 | D:10     | Got the Directory of Shades
  9437 | D:10     | Learned a level 8 spell: Ignition
  9441 | D:10     | Identified the +6 chain mail of Deluwajy {Rampage *Corrode
                  | rElec SInv}
  9586 | D:11     | Noticed Josephine
  9637 | D:11     | Killed Josephine
  9812 | D:12     | Got the Quarto of Helpful Injury
  9821 | D:12     | Found a staircase to the Orcish Mines.
 10089 | Orc:1    | Entered Level 1 of the Orcish Mines
 10106 | Orc:1    | Reached ****** piety under Vehumet
 10107 | Orc:1    | Reached skill level 1 in Shields
 10213 | Orc:2    | Entered Level 2 of the Orcish Mines
 10213 | Orc:2    | Found a staircase to the Elven Halls.
 10217 | Orc:2    | Offered knowledge of Iskenderun's Battlesphere by Vehumet.
 11823 | Orc:2    | Found Ojiorchu's General Store.
 11966 | Orc:2    | Found Omimeeg's General Store.
 11981 | Orc:2    | Bought a potion of cancellation for 112 gold pieces
 11981 | Orc:2    | Bought a scroll of silence for 133 gold pieces
 12668 | Orc:2    | Reached XP level 15. HP: 80/80 MP: 11/34
 12926 | Orc:2    | Found Jurphepua's Jewellery Emporium.
 12926 | Orc:2    | Found Bearchag's Antique Weapon Shoppe.
 12927 | Orc:2    | Found a one-way gate leading to the halls of Pandemonium.
 12929 | Orc:2    | Bought an amulet of magic regeneration for 480 gold pieces
 12992 | Orc:2    | Bought a potion of haste for 150 gold pieces
 12992 | Orc:2    | Bought a phantom mirror for 600 gold pieces
 12994 | Orc:2    | Bought a scroll of teleportation for 42 gold pieces
 12994 | Orc:2    | Bought a potion of haste for 140 gold pieces
 12994 | Orc:2    | Bought a potion of heal wounds for 70 gold pieces
 13003 | Orc:2    | Learned a level 8 spell: Maxwell's Capacitive Coupling
 13103 | D:13     | Reached skill level 15 in Fire Magic
 13117 | D:13     | Noticed a frost giant
 13119 | D:13     | Killed a frost giant
 13169 | D:13     | Offered knowledge of Spellforged Servitor by Vehumet.
 13247 | D:13     | Identified the +5 broad axe of the Spinneret {freeze, rElec
                  | rPois}
 13436 | D:12     | You are sucked into a shaft and drop 3 floors!
 13436 | D:15     | Entered Level 15 of the Dungeon
 13497 | D:15     | Noticed Roxanne
 13507 | D:15     | Found a portal to a secret trove of treasure.
 13734 | D:15     | Found a staircase to the Depths.
 13735 | D:15     | Noticed a fire giant
 13739 | D:15     | Killed a fire giant
 13749 | D:15     | Got a smoky gem with 2314 turns to spare
 13840 | D:15     | Reached skill level 15 in Spellcasting
 13860 | D:15     | Reached skill level 5 in Fighting
 14147 | D:13     | Noticed Urug
 14149 | D:13     | Killed Urug
 14150 | D:13     | Reached XP level 16. HP: 88/92 MP: 34/36
 14158 | D:13     | Learned a level 7 spell: Spellforged Servitor
 14164 | D:13     | Identified a scroll of acquirement
 14357 | Trove    | Entered a treasure trove
 14364 | Trove    | Identified the amulet "Nemit" {Reflect +Blink rF- Regen+
                  | Dex+7 SH+5}
 14366 | Trove    | Identified the amulet "Kiepoiz" {Faith rElec}
 14376 | Trove    | Identified the ring "Fysmuw Sod" {Fire Str+3}
 14382 | Trove    | Identified the ring "Ugur" {rF+ EV+5 SInv}
 14383 | Trove    | Identified the amulet of Nijiodgh {Reflect rF- Will++ Int+9
                  | SH+5 SInv}
 14385 | Trove    | Identified the ring of Accord {rPois rC- rN+++ MP+9 Dex+2}
 14589 | D:14     | Found a runed translucent gate.
 14589 | D:14     | Found a runed translucent gate.
 14589 | D:14     | Found a runed translucent gate.
 14590 | D:14     | Noticed Neisk's ghost (journeyman OpFi)
 14600 | D:14     | Killed Neisk's ghost
 14633 | D:14     | Reached skill level 1 in Summonings
 14683 | D:14     | Acquired the ring of Oxaivaib {rElec rF+ rCorr Slay-6}
 14805 | D:14     | Found an iron altar of Okawaru.
 14908 | D:10     | Noticed Harold
 14909 | D:10     | Killed Harold
 15016 | Shoals:1 | Entered Level 1 of the Shoals
 15246 | Lair:2   | Found a staircase to the Snake Pit.
 15275 | Snake:1  | Entered Level 1 of the Snake Pit
 15533 | Shoals:3 | Noticed Polyphemus
 15534 | Shoals:3 | Reached skill level 5 in Summonings
 15687 | Shoals:4 | Entered Level 4 of the Shoals
 15764 | Shoals:4 | Reached skill level 15 in Conjurations
 15874 | Shoals:4 | Noticed a sphinx
 15876 | Shoals:4 | Killed a sphinx
 15888 | Shoals:4 | Reached XP level 17. HP: 97/97 MP: 26/37
 15895 | Shoals:4 | Reached skill level 10 in Summonings
 15916 | Shoals:4 | Noticed a sphinx
 15919 | Shoals:4 | Killed a sphinx
 16035 | Shoals:4 | Identified the staff of Ragnarok {rC+ rN+++ Ice}
 16101 | Shoals:4 | Got an azure gem with 1111 turns to spare
 16105 | Shoals:4 | Got a barnacled rune of Zot
 16250 | Shoals:3 | Noticed Ilsuiw
 16255 | Shoals:3 | Killed Ilsuiw
 16264 | Shoals:3 | Killed Polyphemus
 16455 | Shoals:3 | Acquired the +0 hat "Meel Rag" {Int+7}
 16632 | Shoals:2 | Acquired a book of Air
 16814 | Shoals:1 | Offered knowledge of Fireball by Vehumet.
 17029 | Snake:1  | Reached XP level 18. HP: 102/102 MP: 20/38
 17252 | Snake:1  | Found Teixtul's Antique Armour Shop.
 17344 | Snake:3  | Reached skill level 15 in Air Magic
 17591 | Snake:4  | Entered Level 4 of the Snake Pit
 17934 | Snake:4  | Reached skill level 5 in Armour
 17979 | Snake:4  | Reached XP level 19. HP: 107/107 MP: 27/39
 18032 | Snake:4  | Got a serpentine rune of Zot
 18035 | Snake:4  | Got a jade gem with 1286 turns to spare
 18166 | Snake:3  | Identified the +1 pair of boots of Mihuchy {rPois Str+2}
 18736 | Snake:1  | Identified the +0 scale mail "Ronetih" {rF+ Stlth+}
 18944 | Snake:1  | Identified the +1 cloak "Biadaid" {Will+ rCorr Dex-2}
 19121 | Slime:1  | Entered Level 1 of the Pits of Slime
 19150 | Slime:4  | Offered knowledge of Ozocubu's Refrigeration by Vehumet.
 19183 | Slime:4  | Reached skill level 10 in Fighting
 19234 | Slime:5  | Entered Level 5 of the Pits of Slime
 19279 | Slime:5  | Noticed the Royal Jelly
 19285 | Slime:5  | Killed the Royal Jelly
 19287 | Slime:5  | Gained mutation: You occasionally lose the ability to read
                  | scrolls when taking damage. [a shining eye]
 19291 | Slime:5  | Found the +2 hood of the Assassin {Detect Stab+ Stlth++}
 19296 | Slime:5  | Killed from afar by an acid blob

Illustrated notes

Levels and vault maps discovered:
D:1:      dpeg_arrival_erosion, layout_rooms
D:2:      layout_loops_ring, chequers_jeans, uniq_sigmund, uniq_natasha
D:3:      layout_loops_corners, mainiacjoe_overflow_paths, vehumet_statue,
          serial_shops, nicolae_shop_advertising_works
          [nicolae_subvault_shop_adworks], due_unseen_surprise
D:4:      layout_layer_cave, nzn_wu_jian_contemplation, trog_book,
          minmay_temple_entry_mini_moons
D:5:      layout_cave_pools, mainiacjoe_overflow_catwalk_spiral
D:6:      layout_basic, mainiacjoe_overflow_tiny_flanked, portal_sewer_entry_b,
          uniq_jeremiah
D:7:      layout_basic, mainiacjoe_overflow_24_doors,
          mainiacjoe_overflow_catwalk, enter_bailey_4, corner_web_ring,
          uniq_maurice
D:8:      layout_cave_pods, kennysheep_mini, cheibriados_altar_1,
          erik_lair_orcish_takeover, serial_co_window_serial, co_window_paths_a,
          co_window_paths_a, co_window_paths_a, co_window_paths_a,
          co_window_paths_a, co_window_cross_2, co_window_of_opportunity_b,
          co_window_2corner, co_window_4corner_b, glass_columns_a,
          glass_columns_a, minmay_orc_keep
D:9:      layout_basic, general_overflow_altar, serial_shops,
          nicolae_shop_hallway_plus
D:10:     layout_loops_ring, nicolae_gozag_seed_capital,
          lemuel_mausoleum_altar_kikubaaqudgha, solitary_fountain,
          minmay_tree_intersection, minmay_door_square,
          minmay_misc_feat_columns, uniq_harold
D:11:     layout_basic, uniq_josephine
D:12:     layout_loops_ring, david_orc_2
D:13:     minmay_sliced_demisemicircle, layout_basic, uniq_urug
D:14:     layout_cave_pools, david_vaults_5, okawaru_ov_weapons_minmay,
          gammafunk_ghost_split, hangedman_fish_farm
D:15:     grunt_enter_depths_giant_problem, layout_basic, enter_trove_0,
          serial_undead, serial_undead_f, serial_undead_a, serial_undead_b,
          serial_undead_b, skrybe_limestone_x, uniq_roxanne
Temple:   hellmonk_temple_rainy
Lair:1:   minmay_lair_oklob_chamber, layout_hall_layers,
          portal_ice_cave_entry_ice_simulacra, special_room [special_room_bee]
Lair:2:   layout_regular_city, minmay_shoals_entry_beasts,
          minmay_snake_entry_six_corridors, grunt_megastairs_1
Lair:3:   layout_regular_city, basic_altar, grunt_megastairs_4
Lair:4:   layout_cave_shapes
Lair:5:   hellmonk_lair_end_abyssal_woods, layout_misc_corridors, slime_entry_1,
          infiniplex_staircase_pool
Shoals:1: layout_shoals, serial_shops, nicolae_book_shop_shelving,
          nicolae_shoals_loop_pool
Shoals:2: layout_shoals, nicolae_shoals_undead_eyrie
Shoals:3: cheibrodos_shoals_oceanic_diplomacy, layout_shoals, uniq_ilsuiw,
          uniq_polyphemus
Shoals:4: shoals_end_hellmonk_lost_city
Snake:1:  layout_cave_shapes, serial_shops, shop, drop_trap,
          nicolae_snake_magic_snake_eye
Snake:2:  layout_onion_interference, serial_bayou_pond_c
Snake:3:  layout_cave_shapes
Snake:4:  grunt_snake_rune_pools, layout_gridlike
Slime:1:  layout_caves, nicolae_slime_barrier
Slime:2:  cheibrodos_slime_lost_civilization_10, layout_caves
Slime:3:  layout_caves
Slime:4:  layout_caves, nicolae_slime_round_cave
Slime:5:  slime_pit_nicolae_amoeboid
Orc:1:    layout_caves
Orc:2:    pf_orc_diabolical, layout_caves, nicolae_orc_rich_vein

Skill      XL: |  1  2  3  4  5  6  7  8  9 10 11 12 13 14 15 16 17 18 19 |
---------------+----------------------------------------------------------+-----
Unarmed Combat | 4 5 6 |  6.1
Armour         | 1 2 6 7 |  7.0
Fighting       | 2 4 7 11 | 11.7
Conjurations   | 5 8 9 11 12 15 | 15.5
Air Magic      | 2 11 12 18 | 18.0
Spellcasting   | 2 4 6 7 10 13 14 15 | 15.3
Fire Magic     | 7 9 14 16 17 18 | 18.4
Alchemy        | 1 |  1.4
Dodging        | 3 8 |  8.1
Shields        | 2 |  2.7
Summonings     | 9 12 | 12.5
Shapeshifting  | |  2.6

Action                     |  1- 3 |  4- 6 |  7- 9 | 10-12 | 13-15 | 16-18 | 19-21 || total
---------------------------+-------+-------+-------+-------+-------+-------+-------++-------
  Melee: Unarmed           |    58 |   107 |   288 |    67 |       |       |       ||   520
         Kick              |    12 |    21 |    81 |    51 |    70 |    20 |     6 ||   261
         Peck              |     4 |    21 |    46 |    32 |    49 |    15 |     5 ||   172
         Punch             |     2 |     3 |     7 |     6 |     9 |       |       ||    27
         Short sword       |       |       |       |   104 |    67 |       |       ||   171
         Staff             |       |       |       |       |   137 |    56 |    12 ||   205
  Throw: Dart              |       |       |     6 |       |     1 |       |       ||     7
   Cast: Shock             |       |       |    38 |     7 |       |       |       ||    45
         Flame Wave        |       |       |     7 |    55 |    52 |    19 |     3 ||   136
         Static Discharge  |       |       |     1 |    16 |    16 |     6 |       ||    39
         Starburst         |       |       |       |    18 |    15 |       |       ||    33
         Arcjolt           |       |       |       |     2 |    10 |    11 |     9 ||    32
         Fulminant Prism   |       |       |       |     2 |     1 |     2 |       ||     5
         Plasma Beam       |       |       |       |       |   190 |   194 |    31 ||   415
         Spellforged Servi |       |       |       |       |       |    26 |     8 ||    34
         Ignition          |       |       |       |       |       |    17 |     7 ||    24
         Maxwell's Capacit |       |       |       |       |       |       |     6 ||     6
  Evoke: Wand              |       |       |     1 |     7 |     5 |     3 |     5 ||    21
    Use: Potion            |     1 |       |     7 |     3 |       |     1 |     3 ||    15
         Scroll            |       |     3 |     5 |     3 |     8 |     8 |     7 ||    34
   Stab: Sleeping          |     1 |       |       |     1 |       |       |       ||     2
 Armour: Animal skin       |    19 |     5 |       |       |       |       |       ||    24
         Skin              |     6 |       |     9 |       |       |       |       ||    15
         Chain mail        |       |    26 |       |       |       |       |       ||    26
         Ring mail         |       |    49 |    14 |   229 |   268 |   141 |    44 ||   745
         Pearl dragon scal |       |     2 |   144 |       |       |       |       ||   146
  Dodge: Dodged            |    38 |    74 |   215 |   337 |   445 |   327 |    66 ||  1502
  Block: Buckler           |       |       |       |       |    50 |   108 |    14 ||   172
         Reflection        |       |       |       |       |       |     2 |       ||     2
         Form:             |       |     1 |       |       |       |       |       ||     1
         Beast             |       |     1 |       |       |       |       |       ||     1
